 Dungeon Crawl Stone Soup version 0.29.1-2-gbd0b4ee654 (webtiles) character file.

Game seed: 8185208035764972448

1491 Sabo the Chopper (level 8, -6/50 HPs)
             Began as a Gargoyle Berserker on Nov 12, 2022.
             Was a Believer of Trog.
             Killed from afar by Maggie (19 damage)
             ... with a bolt of fire
             ... on level 6 of the Dungeon.
             The game lasted 00:27:44 (6757 turns).

Sabo the Chopper (Gargoyle Berserker)               Turns: 6757, Time: 00:27:44

Health: -6/50      AC: 20    Str: 22    XL:     8   Next: 80%
Magic:  0/8        EV:  8    Int:  9    God:    Trog [**....]
Gold:   278        SH:  0    Dex:  9    Spells: 7/7 levels left

rFire   . . .      SeeInvis .   a - +1 hand axe
rCold   . . .      Faith    .   (no shield)
rNeg    + . .      Spirit   +   i - +0 chain mail
rPois   ∞          Reflect  .   b - +0 helmet
rElec   +          Harm     .   (no cloak)
rCorr   .          Rampage  .   w - +2 pair of gloves
Will    ++...                   (no boots)
Stlth   ..........              c - amulet of guardian spirit
HPRegen 1.16/turn               (no ring)
MPRegen 0.11/turn               (no ring)

@: strong-willed, regenerating
A: sickness immunity, AC +5, negative energy resistance 1, electricity
resistance, torment resistance 1, petrification resistance
a: Renounce Religion, Berserk, Trog's Hand


You were on level 6 of the Dungeon.
You worshipped Trog.
Trog was pleased with you.
You visited 1 branch of the dungeon, and saw 7 of its levels.

You collected 278 gold pieces.

Inventory:

Hand Weapons
 a - a +1 hand axe (weapon)
 m - a +0 sling
Missiles
 v - 12 poisoned darts (quivered)
Armour
 b - a +0 helmet (worn)
 i - a +0 chain mail (worn)
 w - a +2 pair of gloves (worn)
Jewellery
 c - an amulet of guardian spirit (around neck)
 y - a ring of ice
Wands
 l - a wand of polymorph (6)
 t - a wand of flame (16)
 A - a wand of roots (12)
Scrolls
 e - a scroll of noise {unknown}
 f - a scroll of magic mapping
 g - a scroll of butterflies
 h - 2 scrolls of enchant weapon
 o - a scroll of teleportation
 p - a scroll of fear {unknown}
 x - a scroll of vulnerability {unknown}
Potions
 d - 2 potions of curing {unknown}
 j - a potion of heal wounds {unknown}
 k - 4 potions of flight {unknown}
 n - 4 potions of mutation {unknown}
 q - 2 potions of brilliance {unknown}
 r - 2 potions of lignification {unknown}
 s - a potion of berserk rage {unknown}
 z - a potion of degeneration {unknown}
 B - a potion of attraction {unknown}


   Skills:
 + Level 5.5 Fighting
 + Level 7.1 Axes
 + Level 6.7 Armour
 + Level 2.9 Dodging
 + Level 1.0 Stealth


You had 7 spell levels left.
You didn't know any spells.
Your spell library was empty.

Dungeon Overview and Level Annotations

Branches:
Dungeon (7/15)             Temple (0/1) D:5

Altars:
Fedhas
Hepliaklqana
Qazlal
Trog
Xom

Annotations:
D:6 Maggie


Innate Abilities, Weirdness & Mutations

You are immune to sickness and miasma.
Your stone body is resilient. (AC +5)
You are immune to poison.
You resist negative energy. (rN+)
You are resistant to electric shocks. (rElec)
You are resistant to unholy torment.
You are immune to petrification.


Message History

Maggie burns you.
You hit Maggie.
Maggie is moderately wounded.
Maggie hits you but does no damage.
You barely miss Maggie.
Maggie is moderately wounded.
Maggie barely misses you.
You hit Maggie but do no damage.
Maggie is moderately wounded.
Maggie hits you but does no damage.
Your skin crawls.
You feel strong-willed. Maggie hits you but does no damage.
Unknown command.
You hit Maggie.
Maggie is moderately wounded.
Maggie hits you but does no damage.
You slash Maggie!
Maggie is heavily wounded.
Maggie casts a spell at you. The bolt of fire hits you!
You hit Maggie but do no damage.
Maggie is heavily wounded.
You break out of your daze.
Maggie hits you with a +2 scimitar of flaming.
Maggie burns you.
You hit Maggie but do no damage.
Maggie is heavily wounded.
Maggie hits you with a +2 scimitar of flaming!
* * * LOW HITPOINT WARNING * * *
Maggie burns you.
* * * LOW HITPOINT WARNING * * *
You hit Maggie but do no damage.
Maggie is heavily wounded.
Maggie hits you but does no damage.
You hit Maggie but do no damage.
Maggie is heavily wounded.
Maggie points at you and mumbles some strange words.
The bolt of fire hits you!!
You die...

#...# #...#
#...# ##.## #.#
#.# ####### #.#
##.......
#.#####.....#
#......@@...#
#######........
##.......
#.....# ######


You could see Maggie.

Vanquished Creatures
  A wyvern (D:7)
  A water moccasin (D:5)
  An orc warrior (D:7)
  4 ice beasts
  A phantom (D:4)
  A bullfrog (D:7)
  A scorpion (D:5)
  2 howler monkeys (D:7)
  4 hounds
  An orc priest (D:5)
  4 iguanas
  2 orc wizards
  4 gnolls
  9 adders
  A white imp (D:4)
  A worm (D:2)
  3 dart slugs
  4 orcs
  6 ball pythons
  2 bats
  5 endoplasms
  2 giant cockroaches
  9 goblins
  7 hobgoblins
  3 quokkas
  4 frilled lizards
  7 kobolds
  8 rats
98 creatures vanquished.

Vanquished Creatures (others)
  5 plants
5 creatures vanquished.

Grand Total: 103 creatures vanquished

Notes
Turn   | Place    | Note
-------+----------+-------------------------------------------
     0 | D:1      | Sabo the Gargoyle Berserker began the quest for the Orb.
     0 | D:1      | Reached XP level 1. HP: 14/14 MP: 1/1
   174 | D:1      | Reached skill level 3 in Axes
   174 | D:1      | Reached XP level 2. HP: 7/20 MP: 2/2
   641 | D:1      | Reached XP level 3. HP: 24/24 MP: 3/3
  1184 | D:2      | Found a faded altar of an unknown god.
  2023 | D:2      | Reached ** piety under Trog
  2024 | D:2      | Reached XP level 4. HP: 26/29 MP: 2/4
  2693 | D:3      | Found a blossoming altar of Fedhas.
  2793 | D:3      | Reached XP level 5. HP: 33/33 MP: 5/5
  3156 | D:4      | Reached skill level 4 in Axes
  3459 | D:4      | You fall into a shaft and drop 3 floors!
  3483 | D:7      | Noticed an ice beast
  3501 | D:7      | Killed an ice beast
  3502 | D:7      | Reached XP level 6. HP: 39/39 MP: 4/6
  3551 | D:7      | Noticed an ice beast
  3573 | D:7      | Killed an ice beast
  3574 | D:7      | Reached skill level 5 in Axes
  3618 | D:7      | Noticed a wyvern
  3638 | D:7      | Killed a wyvern
  3639 | D:7      | Reached XP level 7. HP: 15/44 MP: 3/7
  4227 | D:5      | Entered Level 5 of the Dungeon
  4239 | D:5      | Reached skill level 6 in Axes
  4239 | D:5      | Reached skill level 5 in Armour
  4239 | D:5      | Reached XP level 8. HP: 48/48 MP: 8/8
  4337 | D:5      | Reached skill level 5 in Fighting
  5157 | D:5      | Found a stormy altar of Qazlal.
  5273 | D:5      | Found a staircase to the Ecumenical Temple.
  5907 | D:5      | Found a hazy altar of Hepliaklqana.
  5917 | D:5      | Found a shimmering altar of Xom.
  5917 | D:5      | Found a shimmering altar of Xom.
  6442 | D:6      | Reached skill level 1 in Stealth
  6452 | D:6      | Reached skill level 7 in Axes
  6587 | D:6      | Found a bloodstained altar of Trog.
  6738 | D:6      | Noticed Maggie
  6757 | D:6      | Killed from afar by Maggie

Illustrated notes

Levels and vault maps discovered:
D:1:      lightli_arrival_statuegarden, layout_loops_ring
D:2:      layout_basic, basic_ecumenical_altar
D:3:      layout_rooms, fedhas_altar_1, st_stairs_1, item_on_display_a
D:4:      layout_rooms, amethyst_killhole
D:5:      nicolae_cairo_tiling_very_big, layout_loops_cross, xom_redecorated,
          mainiacjoe_overflow_alcove_4, nicolae_hepliaklqana_hazy_memory,
          minmay_temple_entry_poolview
D:6:      layout_loops_cross, mainiacjoe_overflow_concentric_impassable,
          uniq_maggie
D:7:      layout_basic, mainiacjoe_overflow_large_starburst

Skill      XL: |  1  2  3  4  5  6  7  8 |
---------------+-------------------------+-----
Axes           | 3 4 5 6 7 |  7.1
Fighting       | 4 5 |  5.5
Dodging        | 2 |  2.9
Armour         | 3 4 5 6 |  6.7
Stealth        | 1 |  1.0

Action                   |  1- 3 |  4- 6 |  7- 9 || total
-------------------------+-------+-------+-------++-------
Melee: Hand axe          |    98 |   162 |   237 ||   497
       Punch             |       |       |     4 ||     4
Invok: Berserk           |       |     3 |     3 ||     6
       Trog's Hand       |       |       |     1 ||     1
  Use: Scroll            |       |     3 |     4 ||     7
Armor: Animal skin       |     2 |       |       ||     2
       Ring mail         |    47 |    29 |       ||    76
       Chain mail        |       |    64 |   141 ||   205
Dodge: Dodged            |    69 |    80 |   102 ||   251
